 Dungeon Crawl Stone Soup version 0.26-a0-639-g72c4674329 (webtiles) character file.

Game seed: 10349765608659637995

18908 Kaptain the Destroyer (level 12, -9/81 HPs)
             Began as an Octopode Hedge Wizard on Sept 17, 2020.
             Mangled by a komodo dragon (27 damage)
             ... on level 6 of the Lair of Beasts.
             The game lasted 01:12:25 (20936 turns).

Kaptain the Destroyer (Octopode Hedge Wizard)      Turns: 20936, Time: 01:12:26

Health: -9/81      AC:  2    Str:  9    XL:     12   Next: 63%
Magic:  22/34      EV: 19    Int: 27    God:
Gold:   499        SH:  5    Dex: 12    Spells: 4/30 levels left

rFire    + . .     SeeInvis +   j - +3 scimitar (flame)
rCold    . . .     Faith    .   m - +0 buckler
rNeg     . . .     Spirit   .   b - +1 hat
rPois    +         Reflect  .   (no amulet)
rElec    .         Harm     .   e - +4 ring of evasion
rCorr    .         Rampage  .   i - +6 ring of intelligence
MR       .....                  c - ring of magical power
Stlth    +++++.....             v - ring of see invisible
HPRegen  0.23/turn              x - ring of poison resistance
MPRegen  0.24/turn              E - ring of protection from fire
                                y - ring of wizardry
                                O - ring of wizardry

@: no status effects
A: almost no armour, stealthy swim, amphibious, 8 rings, constrict 8, camouflage
1, gelatinous body 1
a: no special abilities


You were on level 6 of the Lair of Beasts.
You visited 3 branches of the dungeon, and saw 16 of its levels.
You also visited: Volcano.

You collected 1129 gold pieces.
You spent 630 gold pieces at shops.

Inventory:

Hand Weapons
 j - a +3 scimitar of flaming (weapon)
 r - a +0 trident
 t - a +2 vorpal dire flail
 F - a +3 short sword
Missiles
 f - 218 stones (quivered)
Armour
 b - a +1 hat (worn)
 m - a +0 buckler (worn)
Magical Staves
 T - an uncursed staff of fire
Jewellery
 c - a ring of magical power (on tentacle)
 e - a +4 ring of evasion (left tentacle)
 i - a +6 ring of intelligence (right tentacle)
 v - a ring of see invisible (on tentacle)
 x - a ring of poison resistance (on tentacle)
 y - a ring of wizardry (on tentacle)
 B - an uncursed ring of flight
 E - a ring of protection from fire (on tentacle)
 I - an uncursed amulet of guardian spirit
 J - an uncursed ring of fire
 O - a ring of wizardry (on tentacle)
Wands
 A - a wand of iceblast (1)
 K - a wand of paralysis (12)
 P - a wand of disintegration (14)
Scrolls
 d - 4 scrolls of remove curse
 o - 5 scrolls of teleportation
 p - 4 scrolls of fog
 w - 4 scrolls of enchant armour
 z - a scroll of magic mapping
 C - 2 scrolls of identify
 N - 2 scrolls of immolation
Potions
 a - 4 potions of brilliance
 g - a potion of heal wounds
 h - 5 potions of resistance
 k - a potion of invisibility
 l - 4 potions of stabbing
 n - 2 potions of berserk rage
 q - a potion of lignification
 s - a potion of haste
 u - 5 potions of might
 G - a potion of cancellation
 H - 6 potions of ambrosia
Miscellaneous
 R - a lightning rod (4/4)


   Skills:
 + Level 7.1 Fighting
 + Level 5.3 Dodging
 - Level 9.2 Stealth
 - Level 5.2 Shields
 * Level 9.9 Spellcasting
 * Level 10.2 Conjurations
 - Level 1.0 Summonings
 - Level 1.0 Translocations
 * Level 3.3 Transmutations
 * Level 7.7 Earth Magic


You had 4 spell levels left.
You knew the following spells:

 Your Spells              Type           Power        Failure   Level
a - Magic Dart            Conj           ####         1%          1
b - Blink                 Tloc           N/A          1%          2
c - Call Imp              Summ           ###.....     1%          2
d - Mephitic Cloud        Conj/Pois/Air  ####....     1%          3
e - Animate Skeleton      Necr           ##....       1%          1
f - Bolt of Magma         Conj/Fire/Erth #####.....   3%          5
g - Iron Shot             Conj/Erth      ######....   4%          6
h - Statue Form           Tmut/Erth      #####....    17%         6

Your spell library contained the following spells:

 Spells                   Type           Power        Failure   Level
 Apportation              Tloc           ###...       1%          1
 Corona                   Hex            ##.....      1%          1
 Summon Small Mammal      Summ           ###.         1%          1
 Corpse Rot               Necr/Air       N/A          1%          2
 Slow                     Hex            ##......     1%          2
 Conjure Flame            Conj/Fire      #####...     1%          3
 Stone Arrow              Conj/Erth      ######       1%          3
 Call Canine Familiar     Summ           ###.....     2%          3
 Leda's Liquefaction      Hex/Erth       ####......   2%          4
 Inner Flame              Hex/Fire       ##......     3%          3
 Portal Projectile        Hex/Tloc       ###...       3%          3
 Summon Guardian Golem    Hex/Summ       ###.....     3%          3
 Summon Ice Beast         Ice/Summ       ###.....     10%         4
 Summon Lightning Spire   Summ/Air       ###.....     10%         4
 Cause Fear               Hex            ##........   12%         4
 Iskenderun's Battlesphe  Conj           ######..     1%          5
 Irradiate                Conj/Tmut      ######....   2%          5
 Orb of Destruction       Conj           ######....   16%         7
 Summon Forest            Summ/Tloc      ###.......   21%         5
 Hydra Form               Tmut           ####......   38%         6
 Eringya's Noxious Bog    Tmut/Pois      ###.......   61%         6
 Spellforged Servitor     Conj/Summ      #####.....   63%         7
 Dragon Form              Tmut           ####......   90%         7
 Summon Hydra             Summ           ###.......   99%         7


Dungeon Overview and Level Annotations

Branches:
Dungeon (9/15)             Temple (1/1) D:5            Lair (6/6) D:8
  Swamp (0/4) Lair:3       Spider (0/4) Lair:2      Volcano (visited)
  Slime: Lair:5-6       Orc: D:9-12

Altars:
Ashenzari
Cheibriados
Dithmenos
Elyvilon
Fedhas
Gozag
Hepliaklqana
Kikubaaqudgha
Makhleb
Nemelex Xobeh
Okawaru
Qazlal
Ru
Sif Muna
Trog
Uskayaw
Vehumet
Wu Jian
Xom
Yredelemnul
Zin
The Shining One

Shops:
D:4 =}   D:8 *

Portals:
Abyss: Lair:3

Annotations:
Lair:3 2 transporters, Tyjappud's ghost, journeyman HuWn


Innate Abilities, Weirdness & Mutations

You cannot wear most types of armour.
You are very stealthy in the water. (Stealth+)
You are amphibious.
You can wear up to eight rings at the same time.
You can use your tentacles to constrict eight enemies at once.
Your skin changes colour to match your surroundings (Stealth+).
Your rubbery body absorbs attacks. (AC +1, EV +1)


Message History

The wolf is heavily wounded.
The wolf struggles to escape constriction.
The manticore flicks its tail.
The volley of spikes misses you. You block the komodo dragon's attack.
The hippogriff bites you! The hippogriff pecks you.
The hippogriff barely misses you. The komodo dragon barely misses you.
The komodo dragon misses you.
You riposte.
You barely miss the komodo dragon.
The komodo dragon is moderately wounded.
The hippogriff closely misses you.
You riposte.
You closely miss the hippogriff. The hippogriff pecks you!
The hippogriff claws you. The elephant barely misses you. x2
The komodo dragon hisses menacingly.
The komodo dragon barely misses you.
The wolf escapes!
You block the cane toad's attack. The cane toad completely misses you.
There is a stone staircase leading up here.
The komodo dragon bites you! The hippogriff bites you!
The hippogriff closely misses you. The hippogriff claws you!
* * * LOW HITPOINT WARNING * * *
The cane toad closely misses you. The komodo dragon bites you!!
You die...

#......§....§.....§...
#.....)....†..........
.......<...<..^.....
.....^....)......... .
.......#........P.#...Y≈
#..l...#.......P.##..P#.
#..P#.................P≈
#..........[...P......Y.
..........h@FYH.#....#.≈
#.........lHlh.......#
.........P.D........##
#.......PP..$.P.#...##
#........P............
.#....................
#.....................
......................
...#..................


You could see a six-headed hydra, an elephant, a manticore, a polar bear, 2
komodo dragons, a hippogriff, a cane toad and a wolf (confused).

Vanquished Creatures
  A stone giant (Volcano)
  2 hydras (Lair:3)
  Nergalle (Lair:3)
  A necromancer (Lair:4)
  2 oklob plants
  4 black mambas
  2 cane toads
  4 komodo dragons
  A rime drake (Lair:5)
  An efreet (Volcano)
  3 meliai (Lair:4)
  Prince Ribbit (D:7)
  A queen bee (Lair:4)
  5 hippogriffs
  3 redbacks (Lair:2)
  11 yaks
  A wyvern (Lair:5)
  2 fire elementals (Volcano)
  A steam dragon (Lair:3)
  A basilisk (Lair:4)
  Edmund (D:5)
  A swamp worm (Lair:3)
  6 water moccasins
  5 porcupines
  2 ice beasts
  A hornet zombie (D:8)
  3 elephant zombies (Lair:4)
  An eye of draining (D:9)
  2 sky beasts
  2 ogres
  13 wolves
  2 centaurs (D:8)
  7 crocodiles
  A big kobold (D:9)
  8 bullfrogs
  3 earth elementals (Volcano)
  2 wyvern skeletons
  3 scorpions
  12 killer bees (Lair:4)
  4 electric eels (Lair:4)
  A basilisk zombie (Lair:4)
  3 howler monkeys
  A crimson imp (D:6)
  6 hounds
  2 centaur zombies
  5 orc priests
  A jelly (D:6)
  3 bullfrog skeletons
  A centaur skeleton (D:4)
  11 orc wizards
  Jessica (D:2)
  An iguana (D:9)
  3 worker ants
  A crocodile zombie (Lair:4)
  A worker ant zombie (D:7)
  6 gnolls
  7 adders
  A shadow imp (D:5)
  3 white imps
  2 oozes
  A worm (D:2)
  A dart slug (D:3)
  4 leopard geckos
  47 orcs
  2 giant cockroaches
  8 goblins
  5 hobgoblins
  6 jackals (D:1)
  2 ball pythons
  A ball python skeleton (D:4)
  3 bats
  5 frilled lizards
  8 kobolds
  2 quokka skeletons (D:5)
  3 rats
285 creatures vanquished.

Vanquished Creatures (collateral kills)
  An orc warrior (D:8)
  4 killer bees (Lair:4)
  2 electric eels (D:9)
  A gnoll (D:2)
  3 orcs (D:8)
11 creatures vanquished.

Vanquished Creatures (others)
  An electric eel (D:9)
  A bush (Lair:2)
  22 fungi
  25 plants
49 creatures vanquished.

Grand Total: 345 creatures vanquished

Notes
Turn   | Place    | Note
-------+----------+-------------------------------------------
     0 | D:1      | Kaptain the Octopode Hedge Wizard began the quest for the
                  | Orb.
     0 | D:1      | Reached XP level 1. HP: 11/11 MP: 4/4
   351 | D:1      | Reached XP level 2. HP: 17/17 MP: 6/6
   994 | D:1      | Learned a level 2 spell: Blink
   997 | D:1      | Learned a level 2 spell: Call Imp
  1389 | D:2      | Reached XP level 3. HP: 22/22 MP: 7/7
  1569 | D:2      | Noticed Jessica
  1600 | D:2      | Learned a level 3 spell: Mephitic Cloud
  1711 | D:2      | Reached skill level 2 in Conjurations
  1758 | D:2      | Reached skill level 1 in Fighting
  2006 | D:2      | Reached XP level 4. HP: 28/28 MP: 9/9
  2015 | D:2      | Killed Jessica
  2396 | D:3      | Reached XP level 5. HP: 4/33 MP: 10/10
  2927 | D:3      | Reached skill level 3 in Conjurations
  3469 | D:3      | Reached XP level 6. HP: 39/39 MP: 12/12
  3919 | D:4      | Reached skill level 1 in Shields
  4146 | D:4      | Found Dopyv's Jewellery Emporium.
  4154 | D:4      | Bought an uncursed ring of see invisible for 210 gold
                  | pieces
  4184 | D:4      | Found Nygawuic's Gadget Emporium.
  4226 | D:4      | Reached XP level 7. HP: 37/45 MP: 13/13
  4556 | D:4      | Learned a level 1 spell: Animate Skeleton
  4740 | D:4      | Found a snail-covered altar of Cheibriados.
  4752 | D:5      | Entered Level 5 of the Dungeon
  4752 | D:5      | Noticed Edmund
  4799 | D:5      | Found a staircase to the Ecumenical Temple.
  4821 | Temple   | Entered the Ecumenical Temple
  5318 | D:5      | Reached skill level 5 in Stealth
  5318 | D:5      | Reached skill level 4 in Conjurations
  5363 | D:5      | Noticed a vampire
  5573 | D:5      | Killed Edmund
  5573 | D:5      | Reached skill level 5 in Spellcasting
  5802 | D:5      | Reached XP level 8. HP: 18/51 MP: 15/15
  6187 | D:5      | You fall into a shaft and drop 2 floors!
  6844 | D:6      | Reached skill level 5 in Conjurations
  7908 | D:7      | Noticed Prince Ribbit
  7920 | D:7      | Killed Prince Ribbit
  8077 | D:7      | Reached XP level 9. HP: 49/58 MP: 18/18
  8760 | D:8      | Reached skill level 6 in Conjurations
  9156 | D:8      | Found a staircase to the Lair.
  9518 | D:8      | Found a burning altar of Makhleb.
  9519 | D:8      | Found a basalt altar of Yredelemnul.
  9519 | D:8      | Found a sparkling altar of Nemelex Xobeh.
  9521 | D:8      | Found a glowing golden altar of the Shining One.
  9912 | D:8      | Found Quum's Assorted Antiques.
  9943 | D:8      | Learned a level 5 spell: Bolt of Magma
  9950 | D:8      | Learned a level 6 spell: Iron Shot
 10431 | D:9      | Found a transporter.
 10573 | D:9      | Reached skill level 1 in Earth Magic
 10997 | D:9      | Found a transporter.
 11623 | D:4      | Bought an uncursed ring of wizardry for 420 gold pieces
 11741 | Lair:1   | Entered Level 1 of the Lair of Beasts
 11777 | Lair:1   | Reached skill level 7 in Conjurations
 11788 | Lair:1   | Reached XP level 10. HP: 44/65 MP: 12/20
 12108 | Lair:1   | Reached skill level 5 in Fighting
 12582 | Lair:1   | Noticed a cane toad
 12589 | Lair:1   | Killed a cane toad
 13061 | Lair:2   | Noticed a black mamba
 13067 | Lair:2   | Killed a black mamba
 13074 | Lair:2   | Reached skill level 5 in Shields
 13259 | Lair:2   | Reached skill level 8 in Conjurations
 13525 | Lair:2   | Noticed a black mamba
 13532 | Lair:2   | Killed a black mamba
 13681 | Lair:2   | Reached XP level 11. HP: 59/72 MP: 8/23
 13904 | Lair:2   | Found a hole to the Spider Nest.
 14159 | Lair:2   | Reached skill level 5 in Earth Magic
 14548 | Lair:3   | Found a transporter.
 14549 | Lair:3   | Found a transporter.
 14550 | Lair:3   | Noticed a thrashing horror
 14573 | Lair:3   | Noticed a thrashing horror
 14582 | Lair:3   | Noticed a six-headed hydra
 14588 | Lair:3   | Killed a six-headed hydra
 14692 | Lair:3   | Identified the +10 trident "Xehuuloa" {distort, rPois
                  | Str+3}
 14692 | Lair:3   | Noticed a spriggan rider
 14692 | Lair:3   | Noticed a worldbinder
 14696 | Lair:3   | Found a one-way gate to the infinite horrors of the Abyss.
 14699 | Lair:3   | Noticed a brown ugly thing
 14700 | Lair:3   | Noticed Tyjappud's ghost (journeyman HuWn)
 14724 | Lair:3   | Learned a level 6 spell: Statue Form
 14877 | Lair:3   | Found a staircase to the Swamp.
 14974 | Lair:3   | Noticed an oklob plant
 15236 | Lair:3   | Noticed an eight-headed hydra
 15243 | Lair:3   | Killed an eight-headed hydra
 15526 | Lair:3   | Reached skill level 9 in Conjurations
 15855 | Lair:3   | Noticed Nergalle
 15862 | Lair:3   | Killed Nergalle
 16784 | Lair:3   | Killed an oklob plant
 17214 | Lair:4   | Noticed a necromancer
 17222 | Lair:4   | Reached skill level 1 in Transmutations
 17231 | Lair:4   | Killed a necromancer
 17231 | Lair:4   | Reached XP level 12. HP: 69/80 MP: 12/25
 18660 | Lair:4   | Reached skill level 5 in Dodging
 19218 | Lair:5   | Found a dark tunnel.
 19226 | Volcano  | Entered a volcano
 19542 | Volcano  | Reached skill level 10 in Conjurations
 19640 | Volcano  | Noticed a stone giant
 19657 | Volcano  | Killed a stone giant
 20906 | Lair:6   | Entered Level 6 of the Lair of Beasts
 20924 | Lair:6   | Noticed a six-headed hydra
 20936 | Lair:6   | Mangled by a komodo dragon

Illustrated notes

Levels and vault maps discovered:
D:1:      evilmike_arrival_crescent, layout_loops_ring
D:2:      layout_rooms, corexii_corridor_pit, uniq_jessica
D:3:      layout_loops_corners, grunt_decor_one_mirror
D:4:      layout_loops_ring, serial_shops, kennysheep_mini, shop,
          cheibriados_altar_1
D:5:      layout_loops_ring, minmay_temple_entry_trees, uniq_edmund
D:6:      layout_basic, minivault_1, minmay_fire_ice_demons
D:7:      layout_cave_pods, uniq_prince_ribbit1
D:8:      layout_cave_pods, grunt_temple_overflow_open, lair_entry_dummy,
          grunt_ministairs_9, kennysheep_windowed_goal
D:9:      gammafunk_steamed_eel, layout_loops_cross
Temple:   hc_temple_tempest_star
Lair:1:   layout_loops_ring, serial_bayou_shore_a
Lair:2:   layout_misc_corridors, spider_nest_entry_a
Lair:3:   layout_loops_ring, minmay_swamp_entry_worms,
          gammafunk_ghost_abyssal_escape, chequers_serial_rivers_micro_b,
          grunt_megastairs_4, uniq_nergalle
Lair:4:   pond_and_an_island_with_a_cottage, layout_cave_pods, special_room
          [special_room_bee], grunt_megastairs_3
Lair:5:   layout_cave_pods, gauntlet_entry_generic,
          lightli_volcano_entry_magma_tube, grunt_megastairs_1,
          lemuel_fruit_fields
Lair:6:   gammafunk_lair_ancient_temple, layout_gridlike,
          dpeg_slime_entry_corner

Skill      XL: |  1  2  3  4  5  6  7  8  9 10 11 12 |
---------------+-------------------------------------+-----
Stealth        | 3 4 5 6 7 8 9 |  9.2
Conjurations   | 2 3 4 5 7 8 9 10 | 10.2
Fighting       | 1 2 3 4 5 6 7 |  7.1
Spellcasting   | 4 5 6 7 8 9 |  9.9
Dodging        | 3 4 5 |  5.3
Shields        | 1 2 3 4 5 |  5.2
Earth Magic    | 2 4 6 7 |  7.7
Transmutations | 1 3 |  3.3
Summonings     | |  1.0
Translocations | |  1.0

Action                   |  1- 3 |  4- 6 |  7- 9 | 10-12 || total
-------------------------+-------+-------+-------+-------++-------
Melee: Dagger            |     8 |       |       |       ||     8
       Constrict         |     2 |     5 |    17 |    16 ||    40
       Tentacles         |     1 |     1 |    17 |     6 ||    25
       Short sword       |     1 |    11 |    28 |    33 ||    73
       Mace              |       |       |    46 |       ||    46
       Trident           |       |       |     5 |       ||     5
       Scimitar          |       |       |       |    11 ||    11
 Cast: Magic Dart        |    83 |   119 |   397 |    58 ||   657
       Call Imp          |       |     2 |     5 |       ||     7
       Mephitic Cloud    |       |     1 |    33 |    40 ||    74
       Blink             |       |       |     5 |     5 ||    10
       Bolt of Magma     |       |       |     2 |    85 ||    87
       Iron Shot         |       |       |       |    68 ||    68
       Statue Form       |       |       |       |     2 ||     2
Evoke: Wand              |       |       |       |     7 ||     7
  Use: Scroll            |     3 |     9 |    10 |     6 ||    28
       Potion            |     1 |     1 |     2 |    10 ||    14
 Stab: Sleeping          |     1 |     1 |       |     1 ||     3
       Confused          |       |       |     2 |     3 ||     5
Armor: Skin              |     1 |       |     7 |    24 ||    32
Dodge: Dodged            |    14 |    37 |   138 |   151 ||   340
Block: Buckler           |       |       |    14 |    54 ||    68
       Rpst.: Scimitar   |       |       |       |    17 ||    17

Table legend: (Time is in decaauts)
 A = Elapsed time spent in this place.
 B = Non-inter-level travel time spent in this place.
 C = Inter-level travel time spent in this place.
 D = Time resting spent in this place.
 E = Time spent auto-exploring this place.
 F = Levels seen in this place.
 G = Mean time per level.
                   A        B        C        D        E       F      G
               +--------+--------+--------+--------+--------+-----+--------+
         Total |  21010 |  20364 |    646 |   8186 |   9065 |  17 | 1235.9 |
       Dungeon |  11450 |  10923 |    527 |   4004 |   5173 |   9 | 1272.2 |
        Temple |    312 |    285 |     27 |      0 |    284 |   1 |  312.0 |
          Lair |   8695 |   8604 |     91 |   3810 |   3608 |   6 | 1449.2 |
       Volcano |    551 |    551 |      0 |    371 |      0 |   1 |  551.0 |
               +--------+--------+--------+--------+--------+-----+--------+

Top non-repeatable levels by time:
  Lair:3: 2315 daAuts
  Lair:4: 2313 daAuts
     D:1: 1634 daAuts
     D:8: 1628 daAuts
  Lair:1: 1599 daAuts
     D:6: 1414 daAuts
     D:4: 1375 daAuts
     D:5: 1310 daAuts
  Lair:2: 1219 daAuts
  Lair:5: 1206 daAuts
     D:9: 1172 daAuts
     D:3: 1086 daAuts
     D:7: 924 daAuts
     D:2: 904 daAuts
 Volcano: 551 daAuts
